 Dungeon Crawl Stone Soup version 0.28.0 (webtiles) character file.

Game seed: 2062693295005676776

187 Sanktem7 the Covered (level 5, -6/47 HPs)
             Began as a Minotaur Fighter on Feb 12, 2022.
             Mangled by an orc (8 damage)
             ... on level 4 of the Dungeon.
             The game lasted 00:03:56 (2371 turns).

Sanktem7 the Covered (Minotaur Fighter)             Turns: 2371, Time: 00:03:56

Health: -6/47      AC:  7    Str: 23    XL:     5   Next: 39%
Magic:  4/4        EV:  9    Int:  5    God:
Gold:   215        SH:  0    Dex:  9    Spells: 4/4 levels left

rFire   . . .      SeeInvis .   a - +0 war axe
rCold   . . .      Faith    .   c - +0 buckler
rNeg    . . .      Spirit   .   b - +0 scale mail
rPois   .          Reflect  .   (helmet restricted)
rElec   .          Harm     .   l - scarf {+Inv}
rCorr   .          Rampage  .   (no gloves)
Will    .....                   (no boots)
Stlth   ..........              (no amulet)
HPRegen 0.15/turn               (no ring)
MPRegen 0.09/turn               (no ring)

@: confused
A: horns 2, retaliatory headbutt
a: Evoke Invisibility


You were on level 4 of the Dungeon.
You visited 1 branch of the dungeon, and saw 4 of its levels.

You collected 215 gold pieces.

Inventory:

Hand Weapons
 a - a +0 war axe (weapon)
Armour
 b - a +0 scale mail (worn)
 c - a +0 buckler (worn)
 l - a scarf of invisibility (worn)
Jewellery
 h - an amulet of magic regeneration
Wands
 k - a wand of mindburst (12)
 s - a wand of acid (5)
Scrolls
 e - 3 scrolls of magic mapping {unknown}
 f - a scroll of torment {unknown}
 i - a scroll of immolation {unknown}
 n - 2 scrolls of enchant weapon {unknown}
 o - 2 scrolls of identify {unknown}
 p - a scroll of holy word {unknown}
Potions
 d - 2 potions of might
 g - 2 potions of mutation {unknown}
 j - a potion of degeneration {unknown}
 m - a potion of flight {unknown}
 q - a potion of heal wounds {unknown}
 r - 2 potions of cancellation {unknown}


   Skills:
 * Level 4.9 Fighting
 * Level 4.4 Axes
 * Level 5.3 Armour
 + Level 0.5 Dodging
 - Level 3.6 Shields


You had 4 spell levels left.
You didn't know any spells.
Your spell library contained the following spells:

 Spells                   Type           Power      Damage    Failure   Level
 Freeze                   Ice            0%         1d3       86%         1
 Conjure Flame            Conj/Fire      0%         6-21      99%         3
 Frozen Ramparts          Ice            0%         1d2       99%         3
 Ignite Poison            Fire/Tmut/Pois 0%         N/A       99%         3
 Hailstorm                Conj/Ice       0%         3d3       100%        4
 Sticky Flame             Conj/Fire      0%         2d3       100%        4


Dungeon Overview and Level Annotations

Branches:
Dungeon (4/15)
 Temple: D:4-7

Altars:
Wu Jian
Xom
Yredelemnul


Innate Abilities, Weirdness & Mutations

You have a pair of horns on your head.
You reflexively headbutt those who attack you in melee.


Message History

You closely miss the orc wizard. You headbutt the orc wizard!
The orc wizard is heavily wounded.
The orc wizard hits you but does no damage.
The orc hits you from afar with a +0 trident!
The orc wizard points at you and mumbles some strange words.
You are more confused.
The orc wizard points at you and mumbles some strange words.
The magic dart hits you. The orc barely misses you.
The orc wizard gestures at you while chanting.
The puff of flame hits you but does no damage.
The orc hits you but does no damage.
You hit the orc. Your headbutt misses the orc.
The orc is moderately wounded.
You hit the orc wizard.
The orc wizard hits you with a +0 dagger.
The orc barely misses you.
The orc wizard hits you but does no damage.
The orc hits you but does no damage.
The orc wizard mumbles some strange words.
The orc wizard flickers and vanishes!
Deactivating autopickup; reactivate with Ctrl-A.
The orc hits you from afar with a +0 trident.
Something hits you but does no damage. The orc hits you with a +0 trident.
* * * LOW HITPOINT WARNING * * *
You barely miss the orc.
The orc is moderately wounded.
You closely miss something. Something hits you.
* * * LOW HITPOINT WARNING * * *
The orc closely misses you.
The orc hits you from afar with a +0 trident.
* * * LOW HITPOINT WARNING * * *
Something hits you but does no damage. The orc misses you.
Things that are here:
a +0 flail; a +0 club; a +0 leather armour You miss the orc.
The orc is moderately wounded.
You completely miss something. Something hits you.
* * * LOW HITPOINT WARNING * * *
The orc hits you with a +0 trident!
You die...

#### ##...##
##.....## #.......#
######.......#
......#.......#
#......#..#.....##
#.......#........####
#.......##@{.........
#.......##.o.....###.
##.................#
#...............##.#
#...........##.# .#
#...........##.## ..
#.....#..#####..# .
####..#.###.# #..##
........###.#####...#


You could see an orc.

Vanquished Creatures
  An orc priest (D:4)
  An iguana (D:2)
  An orc wizard (D:4)
  A hound zombie (D:4)
  3 adders
  A worm (D:4)
  2 dart slugs (D:1)
  An orc (D:4)
  5 bats
  3 endoplasms
  4 giant cockroaches
  11 goblins
  4 hobgoblins
  4 kobolds
  2 quokkas (D:1)
  5 ball pythons
  6 frilled lizards
  4 rats
59 creatures vanquished.

Notes
Turn   | Place    | Note
-------+----------+-------------------------------------------
     0 | D:1      | Sanktem7 the Minotaur Fighter began the quest for the Orb.
     0 | D:1      | Reached XP level 1. HP: 19/19 MP: 0/0
   120 | D:1      | Reached XP level 2. HP: 26/27 MP: 1/1
   121 | D:1      | Reached skill level 4 in Armour
   166 | D:1      | Found a faded altar of an unknown god.
   799 | D:2      | Reached XP level 3. HP: 33/33 MP: 2/2
  1016 | D:2      | Reached XP level 4. HP: 34/40 MP: 3/3
  1629 | D:3      | Found an ornate altar of the Wu Jian Council.
  1630 | D:3      | Found a shimmering altar of Xom.
  1795 | D:3      | Found a basalt altar of Yredelemnul.
  2131 | D:3      | Reached skill level 5 in Armour
  2355 | D:4      | Reached XP level 5. HP: 40/47 MP: 4/4
  2371 | D:4      | HP: 2/47 [something (3)]
  2371 | D:4      | Mangled by an orc

Illustrated notes

Levels and vault maps discovered:
D:1:      evilmike_arrival_crescent, layout_rooms,
          nicolae_ecumenical_snake_handling
D:2:      kennysheep_the_goblin_king, layout_basic, corexii_shack
D:3:      layout_basic, mainiacjoe_overflow_divided_tiny,
          mainiacjoe_overflow_cross_hatched
D:4:      layout_rooms, grunt_decor_cap, roderic_batcave, minmay_small_thing,
          uniq_menkaure

Skill      XL: |  1  2  3  4 |
---------------+-------------+-----
Fighting       | 4 |  4.9
Armour         | 4 5 |  5.3
Axes           | 3 4 |  4.4
Dodging        | |  0.5
Shields        | |  3.6

Action                   |  1- 3 |  4- 6 || total
-------------------------+-------+-------++-------
Melee: War axe           |    58 |    68 ||   126
       Headbutt          |    11 |     4 ||    15
Armor: Scale mail        |    30 |    36 ||    66
Dodge: Dodged            |    35 |    39 ||    74
Block: Buckler           |    16 |    10 ||    26
